 Dungeon Crawl Stone Soup version 0.31.0-11-ge490571c62 (webtiles) character file.

Game seed: 12364959687722009844

9 PieDemon the Shooter (level 2, -2/14 HPs)
             Began as a Spriggan Hunter on Feb 1, 2024.
             Slain by Natasha (4 damage)
             ... on level 2 of the Dungeon.
             The game lasted 00:10:32 (1120 turns).

PieDemon the Shooter (Spriggan Hunter)              Turns: 1120, Time: 00:10:33

Health: -2/14      AC:  2    Str:  7    XL:     2   Next: 3%
Magic:  3/3        EV: 18    Int: 10    God:
Gold:   63         SH:  5    Dex: 18    Spells: 1/1 levels left

rFire   + . .        a - +0 shortbow
rCold   . . .        (shield currently unavailable)
rNeg    . . .        c - +0 robe
rPois   .            (helmet restricted)
rElec   .            (no cloak)
rCorr   .            (gloves unavailable)
SInv    +            (boots unavailable)
Will    .....        j - amulet of reflection
Stlth   ++           d - ring of protection from fire
HPRegen 0.22/turn    (no ring)
MPRegen 0.08/turn

%: reflection
@: very quick
A: very small, no large weapons, unfitting armour, see invisible, speed 3
a: no special abilities


You were on level 2 of the Dungeon.
You visited 1 branch of the dungeon, and saw 2 of its levels.

You collected 63 gold pieces.

Inventory:

Hand Weapons
 a - a +0 shortbow (weapon)
 e - a +2 spear of distortion
Missiles
 i - 8 boomerangs
Armour
 c - a +0 robe (worn)
Jewellery
 d - a ring of protection from fire (left hand)
 j - an amulet of reflection (around neck)
Wands
 k - a wand of polymorph (5)
Scrolls
 b - a scroll of butterflies
 f - 2 scrolls of teleportation {unknown}
 l - a scroll of revelation {unknown}
Potions
 g - 2 potions of curing {unknown}
 h - a potion of mutation {unknown}


   Skills:
 - Level 1.5 Fighting
 * Level 4.2 Ranged Weapons
 + Level 3.0 Dodging
 + Level 2.1 Stealth


You had one spell level left.
You didn't know any spells.
Your spell library contained the following spells:

 Spells                   Type           Power      Damage    Failure   Level
 Dazzling Flash           Conj/Hex       0%         N/A       75%         3
 Volatile Blastmotes      Fire/Tloc      0%         2d10      75%         3
 Starburst                Conj/Fire      0%         6d3       100%        6
 Maxwell's Capacitive Co  Air            0%         ∞         100%        8


Dungeon Overview and Level Annotations

Branches:
Dungeon (2/15)

Altars:

Annotations:
D:1 exclusions: door, hobgoblin and 3 jackals
D:2 exclusion: rat, Natasha


Innate Abilities, Weirdness & Mutations

You are very small and have problems with some larger weapons.
You are too small for most types of armour.
You have supernaturally acute eyesight. (SInv)
You cover ground extremely quickly. (Speed+++)


Message History

The adder is severely wounded.
The endoplasm jiggles.
You see here a scroll labelled IROMUV REFUDAINN.
l - a scroll labelled IROMUV REFUDAINN The hobgoblin shouts!
The hobgoblin barely misses you.
You see here 6 stones.
The goblin shouts!
You hear an angry hiss.
Fire: a) +0 shortbow
Press: ? - help, Q - select action, (/) - cycle Shift-Dir - straight line, f - adder
Aim: an adder (46% to hit)
You shoot an arrow. The arrow closely misses the adder.
Unknown command.
The adder attacks as it pursues you! The adder bites you but does no damage.
Fire: a) +0 shortbow
Press: ? - help, Q - select action, (/) - cycle Shift-Dir - straight line, f/p - adder
Aim: an adder (46% to hit)
You shoot an arrow. The arrow closely misses the adder.
You hear an angry hiss.
Natasha, Servant of Life and Death comes into view.
Natasha closely misses you.
Okay, then.
Unknown command.
Fire: a) +0 shortbow
Press: ? - help, Q - select action, (/) - cycle Shift-Dir - straight line, f/p - adder
Aim: an adder (46% to hit)
You shoot an arrow. The arrow misses the adder.
Natasha claws you!
Ouch! That really hurt!
The adder closely misses you.
Fire: a) +0 shortbow
Press: ? - help, Q - select action, (/) - cycle Shift-Dir - straight line, f/p - adder
Aim: an adder (46% to hit)
You shoot an arrow.
The arrow hits the adder but does no damage.
The adder bites you.
* * * LOW HITPOINT WARNING * * *
Natasha claws you.
You die...
Natasha begins licking her fur clean.

#.#.## ########
#.#.##
#....g.####.#.##
#.####....g.....
#.# ##.###.##g##
###g##.....#.##...
#......#.#.#.#####
#S#......#.#.#
#@######.....#
#....h.# ###.###
#.###### #.#######
#........
#g.......
#..#####>
..###.....##.
.........#g...
...####......[


You could see Natasha, an adder and a goblin.

Vanquished Creatures
  A gnoll (D:1)
1 creature vanquished.

Notes
Turn   | Place    | Note
-------+----------+-------------------------------------------
     0 | D:1      | PieDemon the Spriggan Hunter began the quest for the Orb.
     0 | D:1      | Reached XP level 1. HP: 10/10 MP: 2/2
    89 | D:1      | Reached XP level 2. HP: 14/14 MP: 3/3
  1117 | D:2      | Noticed Natasha
  1120 | D:2      | Slain by Natasha

Illustrated notes

Levels and vault maps discovered:
D:1:      co_arrival_random_square_maze, layout_basic
D:2:      layout_loops_cross, uniq_natasha, uniq_crazy_yiuf_cottage

Skill      XL: |  1 |
---------------+----+-----
Dodging        | 3 |  3.0
Stealth        | 2 |  2.1
Fighting       | |  1.5
Ranged Weapons | |  4.2

Action                     || total
---------------------------++-------
   Fire: Shortbow          ||    24
 Armour: Robe              ||    37
  Dodge: Dodged            ||    75
  Block: Other             ||    11
